Map: Central Protocol

Players

iGXiGua (XiGua)

  • Race: Zerg Zerg

FearLess - Winner!

  • Race: Terran Terran

Event: NationWars III

VOD

Have the link to the VOD?

Description

Time

  • Played on: Dec. 3, 2015, 5:25 p.m.
  • Length: 12:30

All games in this series

Show
View Real Time Build Order
Export as new Build Order

iGXiGua Zerg 

Build Orders: Hatch First, Muta Ling Bane 

Get SALT Encoding   

  12  0:01  Drone  
  13  0:08  Drone  
  14  0:17  Overlord  
  14  0:22  Extractor  
  14  0:23  Drone  
  15  0:36  Drone x2  
  17  0:54  Hatchery  
  17  0:56  Drone  
  17  0:59  Drone  
  18  1:10  Extractor  
  17  1:16  Spawning Pool  
  16  1:18  Drone  
  16  1:22  Drone  
  18  1:27  Drone  
  19  1:37  Overlord  
  19  2:03  Zergling x4  
  19  2:04  Queen  
  19  2:05  Queen  
  19  2:06  Zergling x2  
  26  2:12  Metabolic Boost, Drone  
  27  2:22  Drone  
  28  2:27  Drone  
  28  2:28  Drone  
  30  2:32  Overlord  
  30  2:38  Drone  
  30  2:39  Queen  
  33  2:44  Overlord  
  33  2:50  Drone  
  34  2:52  Overlord  
  33  3:01  Drone  
  33  3:05  Drone  
  35  3:10  Drone  
  36  3:14  Drone x6  
  42  3:20  Drone  
  42  3:23  Drone  
  44  3:32  Hatchery  
  43  3:34  Queen  
  43  3:39  Drone x2  
  47  3:45  Baneling Nest, Extractor  
  47  3:47  Drone x2  
  47  3:50  Drone x2  
  47  3:54  Overlord  
  49  3:56  Zergling x4  
  49  3:58  Zergling x2  
  49  4:01  Overlord  
  52  4:04  Drone  
  52  4:07  Overlord  
  53  4:12  Lair  
  53  4:21  Drone  
  53  4:22  Extractor  
  53  4:23  Drone x6, Extractor  
  58  4:28  Drone  
  58  4:29  Drone  
  60  4:33  Queen  
  60  4:36  Overlord  
  62  4:39  Drone  
  62  4:40  Spore Crawler  
  62  4:43  Spore Crawler  
  62  4:44  Zergling x2  
  62  4:45  Zergling x2  
  63  4:54  Drone x4  
  63  4:55  Drone x2  
  63  4:58  Drone  
  70  5:01  Drone  
  70  5:06  Evolution Chamber  
  70  5:11  Spire  
  69  5:14  Baneling x4  
  69  5:15  Zergling x2, Baneling x4  
  69  5:16  Zergling x2  
  69  5:17  Zergling x2  
  69  5:20  Zergling x4  
  74  5:26  Evolution Chamber  
  73  5:29  Drone x3  
  73  5:31  Zerg Ground Armor Level 1  
  73  5:34  Drone  
  76  5:37  Drone x2  
  76  5:39  Drone  
  76  5:40  Drone  
  80  5:43  Overseer  
  80  5:47  Overlord  
  80  5:51  Drone x4  
  80  5:55  Overlord  
  80  5:56  Zergling x2  
  80  5:57  Zergling x2  
  86  5:59  Zerg Melee Weapons Level 1  
  86  6:02  Overlord  
  76  6:11  Zergling x2  
  76  6:12  Zergling x14  
  76  6:15  Overseer  
  76  6:18  Zergling x2  
  79  6:22  Zergling x2  
  75  6:27  Overseer  
  75  6:28  Baneling  
  75  6:29  Baneling  
  75  6:32  Baneling x2  
  72  6:33  Baneling x2  
  72  6:37  Zergling x8  
  72  6:38  Zergling x8  
  72  6:44  Drone  
  68  7:03  Mutalisk x5  
  76  7:10  Mutalisk  
  76  7:15  Drone x4  
  82  7:16  Drone  
  82  7:20  Mutalisk  
  85  7:24  Drone  
  85  7:27  Hatchery  
  85  7:28  Drone  
  86  7:32  Drone  
  86  7:33  Drone  
  88  7:39  Drone  
  88  7:43  Drone x2  
  88  7:44  Zerg Ground Armor Level 2  
  91  7:47  Extractor x2, Queen  
  91  7:48  Drone  
  91  7:56  Drone x2  
  91  7:57  Queen  
  95  8:01  Hatchery  
  95  8:02  Drone  
  95  8:03  Overlord  
  95  8:07  Overlord  
  95  8:08  Drone  
  95  8:09  Drone  
  95  8:12  Overlord  
  97  8:13  Zerg Melee Weapons Level 2  
  97  8:19  Centrifical Hooks  
  96  8:27  Drone x4  
  96  8:30  Drone x4  
  96  8:32  Zergling x2  
  96  8:34  Zergling x2  
  106  8:41  Overlord  
  106  8:42  Zergling x6  
  106  8:44  Baneling x5  
  108  8:52  Zergling x8  
  108  8:53  Zergling x6  
  114  9:02  Infestation Pit  
  113  9:04  Corruptor  
  113  9:05  Corruptor  
  113  9:08  Baneling x5  
  117  9:12  Corruptor  
  117  9:16  Zergling x2  
  123  9:17  Zergling x8  
  123  9:22  Drone x3  
  123  9:23  Drone  
  128  9:28  Drone x2  
  130  9:33  Zergling x4  
  130  9:34  Zergling x6  
  135  9:39  Hive  
  130  9:51  Baneling x16  
  130  9:52  Zergling x12  
  117  10:11  Zergling x12  
  117  10:12  Hatchery  
  121  10:16  Zergling x2  
  121  10:17  Zergling x4  
  121  10:29  Corruptor x2  
  121  10:32  Zergling x4  
  127  10:36  Overlord  
  127  10:37  Overlord  
  127  10:41  Overlord  
  127  10:42  Zergling x4  
  124  10:52  Ultralisk Cavern  
  122  10:58  Zergling x2  
  122  10:59  Zergling x22  
  125  11:32  Hatchery  
  124  11:40  Ultralisk x2  
  124  11:45  Ultralisk x2  
  147  11:55  Overlord  
  140  12:07  Zergling x10  
  139  12:11  Baneling  
  139  12:12  Baneling x3  
Show
View Real Time Build Order
Export as new Build Order

FearLess Terran - Winner!

Build Orders: Hellion Banshee, MMM Bio 

Get SALT Encoding   

  12  0:00  SCV  
  13  0:13  SCV  
  14  0:18  Supply Depot  
  14  0:25  SCV  
  15  0:40  SCV  
  15  0:41  Barracks  
  16  0:52  SCV  
  17  1:04  SCV  
  18  1:14  Command Center  
  18  1:17  SCV  
  19  1:28  Marine  
  19  1:30  Orbital Command  
  20  1:41  Supply Depot  
  20  1:46  Marine  
  21  1:49  Refinery  
  21  1:55  Refinery  
  21  1:56  SCV  
  22  2:03  Marine  
  23  2:08  SCV  
  23  2:10  Bunker  
  24  2:20  SCV  
  24  2:21  Marine  
  26  2:27  Orbital Command  
  26  2:32  SCV  
  27  2:39  Factory  
  27  2:44  SCV  
  27  2:46  Barracks Reactor  
  28  2:53  SCV  
  28  2:57  SCV  
  30  3:05  SCV  
  31  3:08  Supply Depot  
  31  3:11  SCV  
  31  3:12  Supply Depot  
  32  3:17  SCV  
  33  3:23  SCV, Starport  
  33  3:25  Starport  
  34  3:29  SCV  
  34  3:32  Hellion x2  
  39  3:38  Barracks Tech Lab  
  39  3:39  SCV  
  40  3:42  SCV  
  41  3:51  SCV  
  41  3:53  Hellion  
  41  3:54  SCV, Hellion  
  47  4:01  Starport Tech Lab  
  47  4:03  SCV  
  47  4:06  Banshee  
  51  4:10  SCV  
  51  4:15  Hellion x2  
  51  4:16  SCV  
  57  4:23  SCV, Banshee  
  61  4:28  Supply Depot  
  61  4:30  Supply Depot, Barracks Tech Lab, SCV  
  62  4:47  Supply Depot  
  62  4:49  Supply Depot  
  62  4:50  SCV x2, Hellion x2, Marine  
  62  4:51  Banshee  
  72  4:57  Refinery  
  72  5:02  SCV x2  
  72  5:06  Banshee  
  77  5:08  Marine  
  77  5:09  Armory  
  77  5:12  Hellion x2  
  82  5:14  SCV x2  
  82  5:18  Supply Depot x2  
  82  5:19  Supply Depot  
  84  5:26  SCV  
  84  5:28  SCV  
  86  5:29  Marine  
  87  5:37  Stimpack  
  87  5:39  Barracks  
  87  5:40  Barracks  
  87  5:42  SCV, Barracks  
  88  5:44  Liberator x2  
  88  5:47  Command Center  
  88  6:03  Marine  
  95  6:05  Hellbat x2  
  95  6:09  Hellion x4  
  92  6:21  Marine  
  92  6:24  SCV  
  94  6:27  Engineering Bay  
  94  6:28  Refinery, Engineering Bay  
  94  6:35  SCV  
  95  6:43  SCV  
  86  6:53  Marine x2  
  86  6:54  Barracks Reactor  
  76  7:02  SCV x2, Orbital Command  
  76  7:07  Terran Infantry Weapons Level 1, Terran Infantry Armor Level 1  
  78  7:09  Supply Depot x2  
  78  7:11  Marine  
  78  7:12  Barracks Reactor  
  78  7:13  Barracks Reactor  
  78  7:14  SCV, Barracks  
  78  7:15  Barracks  
  77  7:18  SCV  
  77  7:21  Widow Mine x2  
  82  7:24  Medivac  
  82  7:25  Medivac  
  82  7:26  SCV  
  82  7:28  Missile Turret  
  87  7:31  Marine x3  
  87  7:32  Orbital Command  
  87  7:33  Missile Turret  
  90  7:39  SCV  
  91  7:49  Marine x6  
  91  7:50  Marine  
  98  7:51  Widow Mine x2  
  98  7:52  Combat Shields  
  98  7:55  Missile Turret  
  98  7:57  Factory  
  98  7:58  Bunker, Liberator  
  102  8:04  SCV x2  
  102  8:05  SCV  
  105  8:06  Marine  
  105  8:07  Marine x5  
  105  8:08  Marine  
  105  8:11  Barracks Reactor, Barracks Tech Lab  
  112  8:16  SCV  
  112  8:17  SCV  
  117  8:21  Starport Reactor  
  117  8:22  Barracks  
  117  8:23  Barracks  
  117  8:24  Barracks, Marine x2  
  117  8:25  Marine x3  
  117  8:26  Supply Depot  
  122  8:27  Supply Depot  
  122  8:29  Supply Depot  
  122  8:32  Marauder x2, Marine  
  122  8:33  Widow Mine x2  
  131  8:38  Supply Depot  
  130  8:42  Marine x3  
  130  8:43  SCV x2  
  130  8:44  SCV  
  136  8:51  Marine x4  
  136  8:52  Marine  
  136  8:53  Factory Tech Lab  
  136  8:54  Marauder x2  
  145  8:56  Refinery  
  145  8:57  Supply Depot  
  145  9:02  Supply Depot  
  145  9:05  Supply Depot  
  145  9:14  Marine  
  145  9:15  Marauder x2, Marine x2  
  152  9:18  Barracks Reactor x2  
  152  9:19  Barracks Tech Lab, Drilling Claws  
  152  9:21  Thor  
  152  9:22  Marine x2  
  152  9:23  Marine  
  161  9:33  Command Center  
  161  9:36  Marauder  
  153  9:51  Marauder x2, Marine  
  156  9:53  Marine  
  156  9:54  Marine x4  
  156  9:57  Marine  
  156  9:58  Marauder  
  156  9:59  Marine x2  
  166  10:00  Marine  
  154  10:12  Marine x2  
  154  10:13  Marauder x2  
  156  10:16  Marine x2  
  156  10:19  Marauder  
  160  10:23  Medivac  
  161  10:34  Marauder x2  
  165  10:41  Marauder  
  165  10:42  Marine x3  
  167  10:43  Thor  
  170  10:55  Marauder x2  
  170  10:56  Medivac  
  176  10:59  Marine x6  
  176  11:02  Marauder  
  178  11:13  Sensor Tower  
  178  11:17  Marauder x2  
  182  11:22  Planetary Fortress  
  182  11:23  Marauder  
  182  11:24  Missile Turret x2  
  181  11:25  Missile Turret  
  181  11:28  Marine  
  181  11:29  Marine  
  183  11:38  Marauder x2  
  183  11:39  Marine x3  
  190  11:45  Marauder  
  191  11:53  Marine x2  
  193  12:00  Marauder x2  
  196  12:06  Marauder  
Tags
 
Add a new tag
Caveats
  • Supply blocks, unpowered buildings, or Contaminate may cause inaccurate times.
  • Supply counts are checked every 10 seconds.